 Dungeon Crawl Stone Soup version 0.31-a0-859-g9dce7d3444 (webtiles) character file.

Game seed: 7155804759093313097

31 Atlas the Firebug (level 3, 0/25 HPs)
             Began as a Demonspawn Fire Elementalist on Oct 9, 2023.
             Slain by a frilled lizard (3 damage)
             ... on level 2 of the Dungeon.
             The game lasted 00:01:53 (1047 turns).

Atlas the Firebug (Demonspawn Fire Elementalist)    Turns: 1047, Time: 00:01:54

Health: 0/25       AC:  2    Str:  8    XL:     3   Next: 7%
Magic:  6/6        EV: 12    Int: 18    God:
Gold:   50         SH:  0    Dex: 13    Spells: 5/6 levels left

rFire   . . .        (no weapon)
rCold   . . .        (no shield)
rNeg    . . .        a - +0 robe
rPois   .            (helmet restricted)
rElec   .            h - scarf {repulsion}
rCorr   .            (no gloves)
SInv    .            (no boots)
Will    .....        (no amulet)
Stlth   ++           (no ring)
HPRegen 0.24/turn    (no ring)
MPRegen 0.10/turn

%: repel missiles
@: no status effects
A: horns 1, demonic guardian 1
a: no special abilities


You were on level 2 of the Dungeon.
You visited 1 branch of the dungeon, and saw 2 of its levels.

You collected 50 gold pieces.

Inventory:

Armour
 a - a +0 robe (worn)
 h - a scarf of repulsion (worn)
Jewellery
 g - a +6 ring of intelligence
Scrolls
 c - a scroll of amnesia {unknown}
 d - a scroll of teleportation {unknown}
 e - a scroll of fear {unknown}
 i - a scroll of vulnerability {unknown}
Potions
 b - a potion of magic
 f - a potion of invisibility {unknown}


   Skills:
 + Level 0.4 Fighting
 + Level 1.7 Dodging
 + Level 1.8 Stealth
 + Level 2.2 Spellcasting
 + Level 1.3 Conjurations
 + Level 3.4 Fire Magic


You had 5 spell levels left.
You knew the following spells:

 Your Spells              Type           Power      Damage    Failure   Level
a - Foxfire               Conj/Fire      40%        2x1d6     7%          1

Your spell library contained the following spells:

 Spells                   Type           Power      Damage    Failure   Level
 Scorch                   Fire           28%        2d6       6%          2
 Cigotuvi's Dreadful Rot  Necr/Pois/Air  4%         N/A       26%         2
 Inner Flame              Hex/Fire       8%         N/A       26%         3
 Volatile Blastmotes      Fire/Tloc      16%        2d11      26%         3
 Ignite Poison            Fire/Tmut/Pois 6%         N/A       32%         3
 Flame Wave               Conj/Fire      10%        2d6       54%         4
 Freezing Cloud           Conj/Ice/Air   1%         6-21      99%         5


Dungeon Overview and Level Annotations

Branches:
Dungeon (2/15)

Altars:


Innate Abilities, Weirdness & Mutations

You have a pair of small horns on your head.
A weak demonic guardian rushes to your aid.


Message History

You shout for attention!
You hear an angry hiss.
The goblin hits you with a +0 dagger. What are your orders? t - Shout!
Orders for allies: a - Attack new target. r - Retreat! s - Stop attacking. g - Guard the area. f - Follow me.
Anything else - Cancel.
You shout for attention!
The goblin hits you with a +0 dagger. What are your orders? t - Shout!
Orders for allies: a - Attack new target. r - Retreat! s - Stop attacking. g - Guard the area. f - Follow me.
Anything else - Cancel.
Okay, then.
The goblin misses you. The kobold barely misses you.
The frilled lizard bites you but does no damage.
A ball python comes into view.
The goblin completely misses you. The kobold hits you with a +0 whip.
The frilled lizard bites you. The goblin hits you with a +0 dagger.
The kobold closely misses you. The frilled lizard bites you.
The goblin hits you with a +0 dagger. The kobold hits you with a +0 whip.
The frilled lizard completely misses you.
The goblin barely misses you. The kobold closely misses you.
The frilled lizard completely misses you.
The goblin hits you but does no damage. The kobold hits you with a +0 whip.
The frilled lizard barely misses you. The goblin hits you with a +0 dagger.
* * * LOW HITPOINT WARNING * * *
The kobold hits you with a +0 whip.
* * * LOW HITPOINT WARNING * * *
The frilled lizard barely misses you. The goblin hits you with a +0 dagger.
* * * LOW HITPOINT WARNING * * *
A demonic guardian appears!
The kobold closely misses you. The frilled lizard bites you.
You die...

.####....
....#... #
..#.#.. [.
#.#.#.# #^.#
#.#...# .#
#....#.#..S# .#
#....#.Kg###.# #
#..>.@#...###.#
.#####5lw.#.....
....###(......#
#..l....##.#.#
#...###.....#
#w.......#..#
....###.....#.#
#.............#
..#....<#.###


You could see a worm, a goblin, a ball python, a kobold, a frilled lizard (ally
target) and a friendly iron imp (summoned).

Vanquished Creatures
  2 dart slugs (D:1)
  3 endoplasms (D:1)
  A giant cockroach (D:1)
  4 goblins (D:1)
  2 hobgoblins (D:1)
  3 jackals (D:1)
  A ball python (D:1)
  A frilled lizard (D:1)
  3 rats (D:1)
20 creatures vanquished.

Vanquished Creatures (collateral kills)
  A dart slug (D:1)
  A jackal (D:1)
2 creatures vanquished.

Vanquished Creatures (others)
  68 foxfires (D:1)
68 creatures vanquished.

Grand Total: 90 creatures vanquished

Notes
Turn   | Place    | Note
-------+----------+-------------------------------------------
     0 | D:1      | Atlas the Demonspawn Fire Elementalist began the quest for
                  | the Orb.
     0 | D:1      | Reached XP level 1. HP: 13/13 MP: 3/3
   135 | D:1      | Reached skill level 3 in Fire Magic
   207 | D:1      | You fall into a shaft and drop 1 floor!
   222 | D:1      | Gained mutation: A weak demonic guardian rushes to your
                  | aid. [demonic ancestry]
   222 | D:1      | Reached XP level 2. HP: 19/19 MP: 0/5
   966 | D:1      | Gained mutation: You have a pair of small horns on your
                  | head. [demonic ancestry]
   966 | D:1      | Reached XP level 3. HP: 13/25 MP: 1/6
  1047 | D:2      | Slain by a frilled lizard

Illustrated notes

Levels and vault maps discovered:
D:1:      nagdon_arrival_zigzag_paths, layout_basic, kennysheep_crisscross,
          minmay_splitting_lines
D:2:      layout_basic, minmay_pentomino_x4

Skill      XL: |  1 |
---------------+----+-----
Fire Magic     | 3 |  3.4
Fighting       | |  0.4
Dodging        | |  1.7
Stealth        | |  1.8
Spellcasting   | |  2.2
Conjurations   | |  1.3

Action                     || total
---------------------------++-------
  Melee: Unarmed           ||    32
         Punch             ||     1
   Cast: Foxfire           ||    47
 Armour: Robe              ||    37
  Dodge: Dodged            ||    31
         Repelled          ||     3

Table legend: (Time is in decaauts)
 A = Elapsed time spent in this place.
 B = Non-inter-level travel time spent in this place.
 C = Inter-level travel time spent in this place.
 D = Time resting spent in this place.
 E = Time spent auto-exploring this place.
 F = Levels seen in this place.
 G = Mean time per level.
                   A        B        C        D        E       F      G
               +--------+--------+--------+--------+--------+-----+--------+
         Total |   1046 |   1016 |     30 |      0 |    736 |   2 |  523.0 |
       Dungeon |   1046 |   1016 |     30 |      0 |    736 |   2 |  523.0 |
               +--------+--------+--------+--------+--------+-----+--------+

Top non-repeatable levels by time:
     D:1: 1008 daAuts
     D:2: 37 daAuts
